 Dungeon Crawl Stone Soup version 0.29.1-12-g30fa7ad0bf (webtiles) character file.

Game seed: 13144554056967174584

3475 sanboga the Gouger (level 9, -1/43 HPs)
             Began as a Felid Berserker on Dec 16, 2022.
             Was an Elder of Trog.
             Slain by an iguana (12 damage)
             ... on level 7 of the Dungeon.
             The game lasted 00:07:13 (7383 turns).

sanboga the Gouger (Felid Berserker)                Turns: 7383, Time: 00:07:13

Health: -1/43      AC:  2    Str: 13    XL:     9   Next: 79%
Magic:  10/10      EV: 27    Int:  8    God:    Trog [****..]
Gold:   349        SH:  0    Dex: 26    Spells: 8/8 levels left
                                        Lives:  0   Deaths: 2

rFire   . . .      SeeInvis +     - Unarmed
rCold   . . .      Faith    .   (shield unavailable)
rNeg    . . .      Spirit   .   (body armour unavailable)
rPois   .          Reflect  .   (helmet unavailable)
rElec   .          Harm     .   (cloak unavailable)
rCorr   .          Rampage  .   (gloves unavailable)
Will    +....                   (boots unavailable)
Stlth   +++++.....              (no amulet)
HPRegen 0.14/turn               s - +6 ring of dexterity
MPRegen 0.12/turn               (no ring)

@: quick
A: very small, claws 1, fangs 3, see invisible, speed 1, shaggy fur 2, stealthy
paws, no weapons or thrown items, no armour, multi-lived
a: Renounce Religion, Berserk, Trog's Hand, Brothers in Arms


You were on level 7 of the Dungeon.
You worshipped Trog.
Trog was greatly pleased with you.
You visited 1 branch of the dungeon, and saw 7 of its levels.

You collected 481 gold pieces.
You spent 132 gold pieces at shops.

Inventory:

Hand Weapons
 p - the +3 woodcutter's axe {vorpal}
   (You took it off a gnoll on level 4 of the Dungeon)

   It inflicts extra damage upon your enemies.
Jewellery
 s - a +6 ring of dexterity (left paw)
Wands
 g - a wand of polymorph (18)
 j - a wand of flame (16)
 q - a wand of iceblast (10)
Scrolls
 b - a scroll of amnesia {unknown}
 c - a scroll of brand weapon {unknown}
 d - 4 scrolls of teleportation {unknown}
 h - 11 scrolls of identify {unknown}
 l - 4 scrolls of vulnerability {unknown}
 n - a scroll of enchant armour {unknown}
 r - a scroll of silence {unknown}
 t - 3 scrolls of blinking {unknown}
 v - a scroll of butterflies {unknown}
Potions
 a - 3 potions of lignification {unknown}
 e - 3 potions of haste
 f - a potion of mutation {unknown}
 i - 2 potions of curing {unknown}
 k - 2 potions of flight {unknown}
 m - 2 potions of brilliance {unknown}
 o - 2 potions of invisibility {unknown}
 u - a potion of berserk rage {unknown}
 w - a potion of heal wounds {unknown}


   Skills:
 + Level 7.1 Fighting
 + Level 9.5 Dodging
 + Level 9.1 Stealth
 * Level 9.8 Unarmed Combat


You had 8 spell levels left.
You didn't know any spells.
Your spell library was empty.

Dungeon Overview and Level Annotations

Branches:
Dungeon (7/15)
 Temple: D:4-7

Altars:
Nemelex Xobeh
Vehumet

Shops:
D:6 *

Annotations:
D:5 1 runed translucent door


Innate Abilities, Weirdness & Mutations

You have sharp claws.
You have razor-sharp teeth.
You have supernaturally acute eyesight. (SInv)
You cover ground quickly. (Speed+)
You are covered in thick fur. (AC +2)
Your paws help you pounce on unaware monsters.
You are incapable of wielding weapons or throwing items.
You cannot wear armour.
You gain extra lives every three experience levels.


Message History

You claw the centaur!
You kill the centaur!
Trog accepts your kill.
No target in view!
No target in view!
HP restored.
A black bear comes into view.
A black bear is nearby!
An iguana comes into view.
There are monsters nearby!
Found a scroll labelled QEGESI WOREST.
There are monsters nearby!
An orc priest comes into view. It is wielding a +0 short sword.
Found a scroll labelled ZIT VIUSEPS and 17 gold pieces.
The black bear growls angrily.
You hear a shout!
The orc priest shouts!
You hear a howl!
You claw the black bear!
The black bear is moderately wounded.
You hear a shout!
The black bear bites you. The black bear barely misses you.
The black bear claws you.
You scratch the black bear.
The black bear is heavily wounded.
The black bear misses you. x3
The orc priest miscasts a cantrip.
You completely miss the black bear. You claw the black bear!
The black bear is severely wounded.
The orc priest invokes the aid of Beogh against you.
Beogh smites you!
The black bear goes berserk!
The iguana misses you.
You scratch the black bear.
The black bear is almost dead.
The black bear bites you.
The black bear completely misses you. x2
You claw the black bear!
You kill the black bear!
Trog accepts your kill.
The orc priest mumbles some strange prayers to Beogh against you.
Beogh smites you!
* * * LOW HITPOINT WARNING * * *
The iguana bites you!
You die...

##..## ...$ #....##....
##.......o.. #
#....#......
#.###########....#......
#....#...##.##.......?..
####....................
........#.......@†.....?
.......###.#....l.......
..#..)..##.#...#.^......
........##.#............
........................
........................
........................
..##....>.............#.
#.#.............


You could see an iguana and an orc priest.

Vanquished Creatures
  Pikel (D:4)
  The ghost of Jingleheimer the Carver, a novice MiFi (D:4)
  A gargoyle (D:6)
  Eustachio (D:4)
  A vampire mosquito (D:5)
  2 water moccasins
  An ice beast (D:6)
  3 black bears
  An ogre (D:6)
  3 centaurs
  2 lemures (D:3)
  A phantom (D:5)
  2 necrophages
  A gnoll sergeant (D:4)
  2 bullfrogs
  8 scorpions
  A killer bee (D:5)
  2 howler monkeys
  4 jellies
  5 hounds
  2 gnoll boudas (D:4)
  3 orc priests
  4 iguanas
  Ijyb (D:3)
  Terence (D:3)
  19 gnolls
  6 adders
  A shadow imp (D:5)
  2 white imps
  An ufetubus (D:5)
  3 worms
  4 dart slugs
  23 orcs
  20 endoplasms
  4 giant cockroaches
  8 goblins
  4 hobgoblins
  3 jackals (D:4)
  11 kobolds
  6 quokkas
  5 ball pythons
  4 bats
  3 frilled lizards
  6 rats
  2 butterflies (D:5)
189 creatures vanquished.

Vanquished Creatures (others)
  2 fungi (D:3)
  6 toadstools (D:3)
8 creatures vanquished.

Grand Total: 197 creatures vanquished

Notes
Turn   | Place    | Note
-------+----------+-------------------------------------------
     0 | D:1      | sanboga the Felid Berserker began the quest for the Orb.
     0 | D:1      | Reached XP level 1. HP: 10/10 MP: 2/2
   158 | D:1      | Reached skill level 1 in Stealth
   158 | D:1      | Reached XP level 2. HP: 14/14 MP: 3/3
   865 | D:2      | Reached XP level 3. HP: 17/17 MP: 4/4
   999 | D:2      | Reached ** piety under Trog
  1800 | D:3      | Noticed Ijyb
  1811 | D:3      | Reached XP level 4. HP: 21/21 MP: 5/5
  1820 | D:3      | Killed from afar by Ijyb
  1821 | D:3      | Reached XP level 3. HP: -3/17 MP: 4/4
  1833 | D:3      | Found a faded altar of an unknown god.
  1843 | D:3      | Killed Ijyb
  2104 | D:3      | Noticed a scorpion
  2108 | D:3      | Killed a scorpion
  2109 | D:3      | Reached skill level 5 in Dodging
  2109 | D:3      | Reached XP level 4. HP: 22/22 MP: 5/5
  2226 | D:3      | Noticed Terence
  2235 | D:3      | Killed Terence
  2236 | D:3      | Reached XP level 5. HP: 25/25 MP: 6/6
  2614 | D:3      | Reached *** piety under Trog
  2617 | D:3      | Reached skill level 5 in Unarmed Combat
  2618 | D:3      | Gained mutation: You are covered in thick fur. (AC +2)
                  | [Felid growth]
  2618 | D:3      | Reached XP level 6. HP: 5/28 MP: 7/7
  3085 | D:4      | Noticed Pikel
  3330 | D:4      | Killed Pikel
  3331 | D:4      | Reached skill level 5 in Stealth
  3331 | D:4      | Reached XP level 7. HP: 20/33 MP: 8/8
  3509 | D:4      | Found a runed translucent door.
  3513 | D:4      | Noticed Jingleheimer's ghost (novice MiFi)
  3568 | D:4      | Killed Jingleheimer's ghost
  3569 | D:4      | Reached skill level 5 in Fighting
  3569 | D:4      | Reached XP level 8. HP: 37/37 MP: 9/9
  3870 | D:4      | Slain by a gnoll sergeant
  3871 | D:4      | Reached XP level 7. HP: -3/33 MP: 8/8
  3934 | D:4      | Noticed Eustachio
  3955 | D:4      | Killed Eustachio
  4321 | D:4      | Found a radiant altar of Vehumet.
  4321 | D:4      | Found a sparkling altar of Nemelex Xobeh.
  4752 | D:4      | Reached XP level 8. HP: 20/38 MP: 9/9
  5189 | D:5      | Entered Level 5 of the Dungeon
  5532 | D:5      | Found a runed translucent door.
  5543 | D:5      | Found a runed translucent door.
  5708 | D:5      | Reached **** piety under Trog
  5783 | D:5      | Reached XP level 9. HP: 37/42 MP: 10/10
  6528 | D:6      | Noticed a gargoyle
  6534 | D:6      | Killed a gargoyle
  6607 | D:6      | Identified the +5 mace of the Extremes {vorpal, rPois Will+
                  | Str+2}
  7194 | D:6      | Found Ysteq's Assorted Antiques.
  7197 | D:6      | Bought 3 scrolls labelled SOEGIXYNID for 81 gold pieces
  7197 | D:6      | Bought a scroll labelled JIMUMA PYOHITA for 27 gold pieces
  7197 | D:6      | Bought a clear potion for 24 gold pieces
  7383 | D:7      | Slain by an iguana

Illustrated notes

Levels and vault maps discovered:
D:1:      erik_arrival_cave_to_civilisation [erik_arrival_cave_to_hall],
          layout_basic
D:2:      layout_loops_cross, amcnicky_mini_pool_small, grunt_ministairs_1
D:3:      cheibrodos_fertilizer, layout_basic, ebering_ecumenical_altar_box,
          uniq_terence, uniq_ijyb
D:4:      layout_loops_ring, nicolae_overflow_two_pavilions,
          ebering_ghost_reflecting_pool, pf_guarded_unrand_woodcutter,
          uniq_pikel, uniq_eustachio
D:5:      lemuel_insect_pit, layout_loops_ring, fountainhead,
          minmay_splitting_lines, minmay_starry_boxes
D:6:      layout_basic, serial_shops, kennysheep_mini_moat,
          nicolae_figureground_pulse
D:7:      layout_cave_pools, amethyst_overflow_temple_binary,
          minmay_temple_entry_nine_rooms

Skill      XL: |  1  2  3  4  5  6  7  8  9 |
---------------+----------------------------+-----
Stealth        | 1 2 3 5 7 9 |  9.1
Unarmed Combat | 4 5 6 8 9 |  9.8
Dodging        | 5 6 8 9 |  9.5
Fighting       | 4 5 6 7 |  7.1

Action                   |  1- 3 |  4- 6 |  7- 9 || total
-------------------------+-------+-------+-------++-------
Melee: Unarmed           |    84 |   103 |   328 ||   515
       Bite              |     9 |     8 |    39 ||    56
       Punch             |       |     6 |    11 ||    17
Invok: Berserk           |     1 |     3 |     8 ||    12
 Stab: Sleeping          |    13 |     4 |    10 ||    27
       Distracted        |       |       |     5 ||     5
Armor: Skin              |     3 |     6 |    10 ||    19
Dodge: Dodged            |    51 |    88 |   276 ||   415
